 Dungeon Crawl Stone Soup version 0.20.0-10-g0535bb4 (webtiles) character file.

180 Kosschaser the Caller (level 5, 0/37 HPs)
             Began as a Merfolk Summoner on June 7, 2017.
             Succumbed to a worker ant's poison
             ... on level 5 of the Dungeon.
             The game lasted 00:20:40 (4195 turns).

Kosschaser the Caller (Merfolk Summoner)            Turns: 4195, Time: 00:20:40

Health: 0/37       AC:  4    Str:  9    XL:     5   Next: 60%
Magic:  3/9        EV: 10    Int: 15    God:
Gold:   174        SH:  0    Dex: 14    Spells: 0/9 levels left

rFire    . . .     SeeInvis .   d - +0 dagger (speed)
rCold    . . .     Gourm    .   (no shield)
rNeg     . . .     Faith    .   a - +0 robe
rPois    .         Spirit   .   (no helmet)
rElec    .         Reflect  .   (no cloak)
rCorr    .         Harm     .   m - +0 pair of gloves
MR       .....                  (no boots)
Stlth    ++........             (no amulet)
Regen    0.2/turn               q - +1 ring of protection
MPRegen  0.2/turn               p - -3 ring of evasion (curse)

@: lethally poisoned (0 -> -6), heavily drained
A: change form in water, swift swim, stealthy swim
a: no special abilities


You were on level 5 of the Dungeon.
You were near starving.

You visited 1 branch of the dungeon, and saw 5 of its levels.

You collected 174 gold pieces.

Inventory:

Hand Weapons
 d - a +0 dagger of speed (weapon)
 o - a +2 dagger of flaming
Armour
 a - a +0 robe (worn)
 m - a +0 pair of gloves (worn)
Jewellery
 p - a cursed -3 ring of evasion (right hand)
 q - a +1 ring of protection (left hand)
Wands
 k - a wand of iceblast (4/15)
Scrolls
 h - a scroll of recharging
 i - a scroll of enchant armour
 j - 2 scrolls of amnesia
 n - 3 scrolls of fog {unknown}
 t - a scroll of remove curse {unknown}
 u - 3 scrolls of teleportation {unknown}
Potions
 e - a potion of curing {unknown}
 r - a potion of degeneration {unknown}
 s - 2 potions of haste
 v - a potion of berserk rage {unknown}
Books
 b - a book of Callings

   Spells                             Type                      Level
   a - Summon Small Mammal            Summoning                    1
   b - Call Imp                       Summoning                    2
   c - Call Canine Familiar           Summoning                    3
   d - Summon Guardian Golem          Hexes/Summoning              3
   e - Summon Lightning Spire         Summoning/Air                4
   f - Summon Ice Beast               Ice/Summoning                4
Comestibles
 c - 4 bread rations
 f - a meat ration
 g - 3 royal jellies


   Skills:
 + Level 1.4(0.1) Fighting
 + Level 2.1(0.7) Short Blades
 + Level 4.0(2.5) Dodging
 + Level 2.9(1.5) Stealth
 + Level 2.8(1.4) Spellcasting
 + Level 4.8(3.4) Summonings


You couldn't memorise any spells.
You knew the following spells:

 Your Spells              Type           Power        Failure   Level  Hunger
a - Summon Small Mammal   Summ           ##..         6%          1    ##.....
b - Call Imp              Summ           ##......     9%          2    ###....
c - Call Canine Familiar  Summ           ##......     17%         3    ####...
d - Summon Guardian Gole  Hex/Summ       #.......     34%         3    ####...


Dungeon Overview and Level Annotations

Branches:
Dungeon (5/15)
 Temple: D:4-7

Altars:
Ashenzari
Dithmenos
Gozag
Sif Muna
Vehumet
The Shining One

Shops:
D:4 (


Message History

Your bat dies!
Your bat's corpse disappears in a puff of smoke!
Your magical contamination has completely faded away.
Your rat bites the worker ant but does no damage.
Your legs become a tail as you enter the water.
Okay, then.
The worker ant bites you.
* * * LOW HITPOINT WARNING * * *
Found a scroll labeled ROESHE SUTIUKK.
You see here a scroll labeled ROESHE SUTIUKK.
The worker ant bites you.
* * * LOW HITPOINT WARNING * * *
You are lethally poisoned!
The worker ant poisons you!
Found a stone staircase leading up.
Unknown command.
* * * LOW HITPOINT WARNING * * *
You feel sick.
Unknown command.
You die...

#.# #Y# ....# #.#
#.###.#.# #.# #.#
#.#.#
#.#####.###.#.#
#.............#
#.#####.###.###
#...##.##
......#..?a.#######
.####.......@.....#
####.##.#####.#
#.##.# #.##.#
#.##.# .....#
....<# .#


You could see a worker ant.

Vanquished Creatures
  A bullfrog zombie (D:5)
  A worker ant (D:4)
  2 adders
  An ooze (D:2)
  A worm (D:3)
  A dart slug (D:1)
  3 orcs
  6 bats
  3 giant cockroaches
  4 hobgoblins
  6 jackals (D:3)
  A frilled lizard (D:1)
  3 goblins
  3 kobolds
  3 rats
39 creatures vanquished.

Vanquished Creatures (collateral kills)
  A worker ant (D:4)
  A howler monkey zombie (D:5)
  4 adders
  An ooze (D:1)
  A worm (D:2)
  6 orcs
  2 giant cockroaches
  5 goblins
  4 hobgoblins
  2 jackals
  3 bats
  3 frilled lizards
  A giant cockroach zombie (D:1)
  5 kobolds
  A leopard gecko zombie (D:1)
  4 rats
44 creatures vanquished.

Grand Total: 83 creatures vanquished

Notes
Turn   | Place    | Note
-------+----------+-------------------------------------------
     0 | D:1      | Kosschaser the Merfolk Summoner began the quest for the Orb.
     0 | D:1      | Reached XP level 1. HP: 13/13 MP: 3/3
   160 | D:1      | Reached XP level 2. HP: 19/19 MP: 0/5
   195 | D:1      | Learned a level 2 spell: Call Imp
   897 | D:1      | Reached XP level 3. HP: 24/24 MP: 6/6
  1095 | D:2      | Learned a level 3 spell: Call Canine Familiar
  1803 | D:3      | Reached skill level 1 in Short Blades
  1803 | D:3      | Reached XP level 4. HP: 30/30 MP: 7/7
  2932 | D:4      | Found an opulent altar of Gozag.
  2963 | D:4      | Found a shattered altar of Ashenzari.
  3011 | D:4      | Reached skill level 1 in Fighting
  3011 | D:4      | Reached XP level 5. HP: 26/37 MP: 2/8
  3296 | D:4      | Learned a level 3 spell: Summon Guardian Golem
  3317 | D:4      | Found a deep blue altar of Sif Muna.
  3378 | D:4      | Found a shadowy altar of Dithmenos.
  3584 | D:4      | Found Waixt's Antique Weapon Shop.
  3868 | D:4      | Found a glowing golden altar of the Shining One.
  3952 | D:5      | Entered Level 5 of the Dungeon
  4119 | D:5      | Found a radiant altar of Vehumet.
  4120 | D:5      | Noticed a sky beast
  4193 | D:5      | HP: 1/37 [worker ant (5)]
  4195 | D:5      | Succumbed to a worker ant's poison

Skill      XL: |  1  2  3  4  5 |
---------------+----------------+-----
Dodging        | 3 4 |  4.0
Short Blades   | 1 2 |  2.1
Fighting       | 1 |  1.4
Stealth        | |  2.9
Spellcasting   | |  2.8
Summonings     | |  4.8

Action                   |  1- 3 |  4- 6 || total
-------------------------+-------+-------++-------
Melee: Unarmed           |     7 |       ||     7
       Dagger            |   121 |   218 ||   339
 Cast: Summon Small Mamm |    17 |    16 ||    33
       Call Imp          |     7 |     6 ||    13
       Call Canine Famil |     5 |     7 ||    12
       Summon Guardian G |       |     2 ||     2
  Use: Potion            |       |     3 ||     3
       Scroll            |       |     3 ||     3
 Stab: Sleeping          |     6 |     3 ||     9
       Distracted        |     3 |     1 ||     4
  Eat: Chunk             |     4 |     8 ||    12
Armor: Robe              |    34 |    45 ||    79
Dodge: Dodged            |    95 |   100 ||   195
